Maliah, chaotic male human Wizard --- ---- |.--.--..--- |...^......-- 0 |....|......-.- ....- --.- --.......----.---------.. ......# 0###......(...)...(.)*)...)...... -...--- |.....--.|%..------------.... --...*..--------.....-----..---- |.... |......%.......................| ---... --.........--......-----------..--- |....| |..................--- |...|.--- |-..*-- --.................... ----.[.-..| --...<.| --.................... --.---....-- --..|...| --..............^..... |..i@e%..*| |.--|.|.| |.........|.....>[... |-...---.-- --- --.|..... ...... |....| --- -----.. .... --...| - ---.| --- Maliah the Thaumaturge Experience level: 8 Strength: 10 Dexterity: 13 Constitution: 15 Intelligence: 18 Wisdom: 12 Charisma: 10 Health: 0(58) Energy: 96(96) AC: 6 Gold: 580 Moves: 4267 Your Inventory: Coins $ - 580 gold pieces Weapons a - a blessed +1 quarterstaff (weapon in hands) Armor b - an uncursed +0 cloak of magic resistance (being worn) q - an [uncursed] +0 iron skull cap [orcish helm] (being worn) A - an [uncursed] +0 pair of hard shoes [iron] L - an [uncursed] +0 leather armor (being worn) Comestibles M - an [uncursed] sprig of wolfsbane Scrolls h - a blessed scroll of magic mapping i - an uncursed scroll of scare monster t - an [uncursed] scroll labeled ZLORFIK [of punishment] u - an uncursed scroll of food detection v - an uncursed scroll of remove curse D - 2 [uncursed] scrolls labeled PRIRUTSENIE [of teleportation] E - a blessed scroll of charging G - an uncursed scroll of enchant weapon O - a [cursed] scroll labeled PRIRUTSENIE [of teleportation] Spellbooks k - a blessed spellbook of force bolt l - an uncursed spellbook of extra healing x - an [uncursed] spellbook of jumping named Read 1 time F - an [uncursed] spellbook of create monster named Read 1 time Potions o - an [uncursed] black potion [of sleeping] y - an [uncursed] golden potion [of gain energy] H - an [uncursed] dark green potion [of full healing] Rings d - an uncursed ring of see invisible (on left hand) e - an uncursed +1 ring of gain constitution (on right hand) C - an [uncursed] silver ring [of sustain ability] I - an [uncursed] plastic ring [of polymorph control] Wands c - an uncursed wand of striking (0:6) Tools m - an uncursed magic marker (0:40) n - an uncursed blindfold J - an [uncursed] tin opener K - an [uncursed tin] whistle Spells known in the end: Name Level Category Fail Memory a - force bolt 1 attack 0% [|||||||.] b - extra healing 3 healing 86% [|||||||.] c - jumping 1 escape 0% [||||||||] d - create monster 2 clerical 59% [||||||||] Your skills at the end: Fighting Skills Weapon Skills quarterstaff [Basic / Expert] Spellcasting Skills attack spells [Basic / Expert] enchantment spells [Basic / Skilled] Final Attributes: You were piously aligned. Hunger level was 499. Your alignment was 30 / 31. Monster difficulty range was 1 - 7. Level difficulty was 7. You were magic-protected. You saw invisible. You were telepathic. Your luck was zero. You are dead. Vanquished creatures: a leprechaun a giant spider a horse an orc mummy a dwarf lord a water nymph a rock mole a pony 2 fog clouds 5 gnome lords a gnomish wizard an elf zombie a ghoul a floating eye a kitten 6 dwarves 3 hobbits 2 manes 5 giant rats a brown mold a yellow mold 32 gnomes 9 garter snakes a gecko 5 jackals 2 foxes 2 kobolds 3 goblins 4 sewer rats a bat 5 lichens 2 kobold zombies 4 newts 108 creatures vanquished. Voluntary challenges: You used a wielded weapon 115 times. You read items or engraved 686 times. You put on armor 5 times. You never genocided any monsters. You never polymorphed an object. You never changed form. You used no wishes. You wrote Elbereth's name 223 times. You never encountered a bones level. You never used any Sokoban shortcuts. Dungeon overview: The Dungeons of Doom: levels 1 to 5 Level 1 a fountain, a sink a long staircase Level 2 a sink Level 3 a potion shop, some fountains Level 4 stairs to The Gnomish Mines The Gnomish Mines: levels 5 to 7 Level 5 stairs to The Dungeons of Doom Level 7 <- You were here History has recorded: On T:1 you entered the Dungeons of Doom to retrieve the Amulet of Yendor! On T:174 you advanced to experience level 2. On T:326 you advanced to experience level 3. On T:374 you reached level 2 of The Dungeons of Doom. On T:579 you advanced to experience level 4. On T:693 you reached level 3 of The Dungeons of Doom. On T:1125 you reached level 4 of The Dungeons of Doom. On T:1139 you advanced to experience level 5. On T:1461 you reached level 5 of The Dungeons of Doom. On T:1542 you advanced to experience level 6. On T:1654 you reached level 1 of The Gnomish Mines. On T:1966 you reached level 2 of The Gnomish Mines. On T:1989 you advanced to experience level 7. On T:2217 you reached level 3 of The Gnomish Mines. On T:3779 you advanced to experience level 8. Latest messages: The tengu bites! [HP-6=48] The tengu bites! [HP-1=47] The tengu bites! Your candle is consumed! Its flame dies. [HP-5=42] The tengu bites! [HP-3=39] The tengu bites! (2x) [HP-8=31] The tengu bites! [HP-5=26] The tengu bites! [HP-7=19] The tengu bites! [HP-4=15] The tengu bites! [HP-6=9] The tengu bites! [HP-2=7] The tengu bites! [HP-2=5] The tengu bites! You die... Final status: Goodbye Maliah the Wizard... You died in The Gnomish Mines on dungeon level 7 with 1566 points, and 580 pieces of gold, after 4267 moves. You were level 8 with a maximum of 58 hit points when you died.